 Dungeon Crawl Stone Soup version 0.20.1-1-g8b1a95d (webtiles) character file.

2230 homeworkjunkie the Cleaver (level 9, -4/79 HPs)
             Began as a Hill Orc Fighter on Nov 28, 2017.
             Slain by Gastronok (18 damage)
             ... on level 9 of the Dungeon.
             The game lasted 00:10:08 (4364 turns).

homeworkjunkie the Cleaver (Hill Orc Fighter)       Turns: 4364, Time: 00:10:09

Health: -4/79      AC: 13    Str: 21    XL:     9   Next: 36%
Magic:  12/12      EV: 11    Int:  8    God:
Gold:   355        SH: 10    Dex: 11    Spells: 8/8 levels left

rFire    . . .     SeeInvis .   a - +0 war axe
rCold    . . .     Gourm    .   c - +0 shield
rNeg     . . .     Faith    .   n - +0 chain mail
rPois    .         Spirit   .   (no helmet)
rElec    .         Reflect  .   d - +1 cloak
rCorr    .         Harm     .   (no gloves)
MR       .....                  o - +0 pair of boots
Stlth    ..........             (no amulet)
Regen    0.7/turn               b - +2 ring of slaying
MPRegen  0.2/turn               u - +3 ring of evasion

@: slowed, very slow
A: hooves 1, repulsion field 1, high mp 1, regeneration 1
a: no special abilities


You were on level 9 of the Dungeon.
You were not hungry.

You visited 1 branch of the dungeon, and saw 9 of its levels.

You collected 355 gold pieces.

Inventory:

Hand Weapons
 a - a +0 war axe (weapon)
Armour
 c - a +0 shield (worn)
 d - a +1 cloak (worn)
 n - a +0 chain mail (worn)
 o - a +0 pair of boots (worn)
Jewellery
 b - a +2 ring of slaying (left hand)
 h - a +1 ring of evasion
 j - an uncursed ring of protection from fire
 p - a +2 ring of slaying
 u - a +3 ring of evasion (right hand)
Wands
 l - a wand of confusion (39/48)
Scrolls
 e - 5 scrolls of identify
 q - 3 scrolls of teleportation
 r - a scroll of remove curse
 s - a scroll of magic mapping {unknown}
Potions
 g - 5 potions of haste
 k - a potion of might
Comestibles
 f - a bread ration
 m - a meat ration


   Skills:
 * Level 7.5 Fighting
 * Level 10.5 Axes
 * Level 5.4 Armour
 + Level 1.0 Dodging
 + Level 0.1 Stealth
 * Level 6.4 Shields
 * Level 2.8 Evocations


You had 8 spell levels left.
You didn't know any spells.

Dungeon Overview and Level Annotations

Branches:
Dungeon (9/15)
 Temple: D:4-7         Lair: D:8-11         Orc: D:9-12

Altars:
Ashenzari
Hepliaklqana

Shops:
D:6 }

Annotations:
D:9 Gastronok


Innate Abilities, Weirdness & Mutations

You have large cloven feet.
You are surrounded by a mild repulsion field. (EV +2)
You have an increased reservoir of magic. (+10% MP)
Your natural rate of healing is unusually fast.


Message History

Gastronok is severely wounded.
You hit Gastronok.
Gastronok is severely wounded.
Gastronok mumbles some strange words.
Gastronok puts on a burst of speed!
You slash Gastronok!
Gastronok is severely wounded.
You hit Gastronok but do no damage.
Gastronok is severely wounded.
Gastronok bites you!!
* * * LOW HITPOINT WARNING * * *
You slash Gastronok!
Gastronok is almost dead.
You feel better. Gastronok looks at you while chanting.
You feel yourself slow down.
You hit Gastronok.
Gastronok is almost dead.
Gastronok bites you!!
You die...

#######
#.....#
#.....#
#...<.#
#.....+
#...@.#
#..w..#
#.....#
#....$#
##+####


You could see Gastronok.

Vanquished Creatures
  Grinder (D:6)
  Menkaure (D:6)
  Edmund (D:4)
  2 sky beasts
  A phantom (D:5)
  3 ogres
  Blork the orc (D:6)
  2 bullfrogs (D:6)
  A scorpion (D:6)
  A crimson imp (D:6)
  A bullfrog zombie (D:7)
  A centaur zombie (D:5)
  A hound (D:5)
  A centaur skeleton (D:6)
  Crazy Yiuf (D:4)
  2 gnoll shamans (D:5)
  2 orc wizards
  An orc priest (D:5)
  4 iguanas
  3 worker ants
  A hound zombie (D:9)
  31 gnolls
  10 adders
  An adder zombie (D:8)
  A worm (D:4)
  3 dart slugs
  2 leopard geckos
  16 orcs
  2 ball pythons
  6 bats
  2 giant cockroaches
  5 goblins
  9 hobgoblins
  22 jackals
  7 kobolds
  A quokka (D:3)
  A ball python skeleton (D:5)
  8 frilled lizards
  A quokka skeleton (D:4)
  6 rats
166 creatures vanquished.

Notes
Turn   | Place    | Note
-------+----------+-------------------------------------------
     0 | D:1      | homeworkjunkie the Hill Orc Fighter began the quest for the Orb.
     0 | D:1      | Reached XP level 1. HP: 19/19 MP: 1/1
   167 | D:2      | Found a shattered altar of Ashenzari.
   190 | D:2      | Reached XP level 2. HP: 27/27 MP: 2/2
   367 | D:3      | Reached XP level 3. HP: 33/33 MP: 3/3
   403 | D:4      | Found a runed door.
   426 | D:4      | Gained mutation: You have large cloven feet. [potion of mutation]
   426 | D:4      | Gained mutation: You have an increased reservoir of magic. (+10% MP) [potion of mutation]
   426 | D:4      | Gained mutation: Your natural rate of healing is unusually fast. [potion of mutation]
   426 | D:4      | Gained mutation: You are surrounded by a mild repulsion field. (EV +2) [potion of mutation]
   452 | D:4      | Reached skill level 3 in Axes
   514 | D:4      | Noticed Edmund
   521 | D:4      | Killed Edmund
   521 | D:4      | Reached skill level 4 in Axes
   521 | D:4      | Reached XP level 4. HP: 41/41 MP: 4/4
   521 | D:4      | Reached XP level 5. HP: 47/47 MP: 5/5
   526 | D:5      | Entered Level 5 of the Dungeon
   557 | D:4      | Noticed Crazy Yiuf
   562 | D:4      | Killed Crazy Yiuf
   562 | D:4      | Reached skill level 5 in Axes
   730 | D:3      | Found a hazy altar of Hepliaklqana.
   925 | D:3      | Reached XP level 6. HP: 53/53 MP: 6/6
  2014 | D:1      | Reached skill level 5 in Fighting
  2638 | D:5      | Noticed a sky beast
  2647 | D:5      | Reached skill level 6 in Axes
  2652 | D:5      | Killed a sky beast
  2652 | D:5      | Reached XP level 7. HP: 39/61 MP: 6/8
  2812 | D:5      | Reached skill level 5 in Shields
  2819 | D:5      | Reached skill level 1 in Evocations
  2892 | D:5      | Reached skill level 7 in Axes
  3143 | D:5      | Reached XP level 8. HP: 67/70 MP: 9/9
  3318 | D:5      | Reached skill level 8 in Axes
  3534 | D:5      | Reached skill level 5 in Armour
  3804 | D:6      | Noticed Menkaure
  3805 | D:6      | Found Litaaske's Gadget Shoppe.
  3808 | D:6      | Reached skill level 9 in Axes
  3817 | D:6      | Killed Menkaure
  3817 | D:6      | Reached skill level 1 in Dodging
  3890 | D:6      | Noticed Blork the orc
  3896 | D:6      | Killed Blork the orc
  3994 | D:6      | Reached XP level 9. HP: 79/79 MP: 11/11
  4035 | D:6      | Reached skill level 10 in Axes
  4116 | D:6      | Noticed Grinder
  4125 | D:6      | Paralysed by Grinder for 2 turns
  4127 | D:6      | Killed Grinder
  4338 | D:9      | Noticed Gastronok
  4364 | D:9      | Slain by Gastronok

Skill      XL: |  1  2  3  4  5  6  7  8  9 |
---------------+----------------------------+-----
Fighting       | 4 5 6 7 |  7.5
Axes           | 4 5 6 7 9 10 | 10.5
Armour         | 4 5 |  5.4
Shields        | 4 5 6 |  6.4
Evocations     | 1 2 |  2.8
Dodging        | 1 |  1.0
Stealth        | |  0.1

Action                   |  1- 3 |  4- 6 |  7- 9 || total
-------------------------+-------+-------+-------++-------
Melee: War axe           |    56 |   187 |   267 ||   510
       Kick              |     3 |    15 |       ||    18
  Use: Potion            |     5 |     2 |     4 ||    11
       Scroll            |     2 |     5 |     3 ||    10
  Eat: Fruit             |       |     3 |       ||     3
       Royal jelly       |       |     1 |     2 ||     3
       Bread ration      |       |     1 |       ||     1
Armor: Scale mail        |    24 |       |       ||    24
       Chain mail        |     3 |    75 |   127 ||   205
Dodge: Dodged            |    19 |    55 |    90 ||   164
Block: Shield            |    30 |    86 |   137 ||   253
